 Dungeon Crawl Stone Soup version 0.25-a0-547-g27a0b5d1ef (webtiles) character file.

Game seed: 11720201750891090985, levelgen mode: deterministic

32 night the Shield-Bearer (level 3, -4/20 HPs)
             Began as a Vine Stalker Fighter on Feb 22, 2020.
             Killed from afar by an orc wizard (6 damage)
             ... with a magic dart
             ... on level 3 of the Dungeon.
             The game lasted 00:02:48 (856 turns).

night the Shield-Bearer (Vine Stalker Fighter)       Turns: 856, Time: 00:02:48

Health: -4/20      AC:  6    Str: 19    XL:     3   Next: 27%
Magic:  0/4        EV:  7    Int:  8    God:
Gold:   52         SH:  9    Dex: 13    Spells: 2/2 levels left

rFire    . . .     SeeInvis .     - Unarmed
rCold    . . .     Gourm    .   b - +0 kite shield
rNeg     + . .     Faith    .   a - +0 scale mail
rPois    .         Spirit   +   (no helmet)
rElec    .         Reflect  .   (no cloak)
rCorr    .         Harm     .   (no gloves)
MR       .....                  (no boots)
Stlth    ..........             (no amulet)
HPRegen  0.06/turn              j - ring of positive energy
MPRegen  0.09/turn              (no ring)

@: no status effects
A: fangs 2, magic shield, antimagic bite, no potion heal 3, rot immunity
a: no special abilities


You were on level 3 of the Dungeon.
You were not hungry.

You visited 1 branch of the dungeon, and saw 4 of its levels.

You collected 52 gold pieces.

Inventory:

Armour
 a - a +0 scale mail (worn)
 b - a +0 kite shield (worn)
Jewellery
 j - a ring of positive energy (left hand)
Scrolls
 g - a scroll of enchant armour {unknown}
 h - 2 scrolls of identify {unknown}
 i - a scroll of fear {unknown}
Potions
 c - a potion of might
 e - a potion of lignification {unknown}
Comestibles
 d - 4 rations
 f - 2 chunks of flesh


   Skills:
 + Level 3.0 Fighting
 - Level 2.4 Armour
 + Level 3.0 Shields
 * Level 2.9 Unarmed Combat


You had 2 spell levels left.
You didn't know any spells.
Your spell library was empty.

Dungeon Overview and Level Annotations

Branches:
Dungeon (4/15)
 Temple: D:4-7

Altars:


Innate Abilities, Weirdness & Mutations

You have extremely sharp teeth.
When hurt, damage is shared between your health and your magic reserves.
Your bite disrupts and absorbs the magic of your enemies.
Potions cannot restore your health.
You are immune to rotting.


Message History

Your shield and scale mail prevent you from hitting the hobgoblin.
Your bite misses the hobgoblin. The hobgoblin closely misses you.
The orc wizard casts a spell.
The orc wizard blinks!
You hit the hobgoblin but do no damage. Your bite misses the hobgoblin.
You feel yourself speed up.
The hobgoblin hits you but does no damage.
The hobgoblin hits you.
* * * LOW HITPOINT WARNING * * *
You hit the hobgoblin. Your bite misses the hobgoblin.
The hobgoblin is moderately wounded.
The hobgoblin hits you.
* * * LOW HITPOINT WARNING * * *
You hit the hobgoblin. You bite the hobgoblin.
You kill the hobgoblin!
Found a stone staircase leading down.
Found a stone staircase leading up.
The orc wizard casts a spell at you. The magic dart hits you!
You die...

###### ##.)..#
#.$##.# ##.###o### #
##..##.g.$# .#.
#..#..o..#######
...###..#.#..@......#
....................#
....................#
....................#
.................>..#
.......>..#.......<.#
..........$.........#
..###...#............
.. #.......###.


You could see an orc wizard, an orc and a goblin.

Vanquished Creatures
  A worm (D:2)
  A dart slug (D:1)
  A leopard gecko (D:1)
  An orc (D:3)
  2 giant cockroaches
  7 goblins (D:1)
  4 hobgoblins
  2 kobolds (D:1)
  2 frilled lizards (D:1)
  3 rats (D:1)
24 creatures vanquished.

Notes
Turn   | Place    | Note
-------+----------+-------------------------------------------
     0 | D:1      | night the Vine Stalker Fighter began the quest for the Orb.
     0 | D:1      | Reached XP level 1. HP: 11/11 MP: 2/2
   126 | D:1      | Reached XP level 2. HP: 14/16 MP: 1/3
   576 | D:2      | Reached XP level 3. HP: 12/20 MP: 2/4
   810 | D:2      | You fall into a shaft and drop 2 floors!
   850 | D:3      | HP: 2/20 [hobgoblin (3)]
   856 | D:3      | Killed from afar by an orc wizard

Levels and vault maps discovered:
D:1:      scummos_arrival_simple_fountains, layout_loops_ring
D:2:      layout_basic, first_ration, uniq_jessica
D:3:      layout_rooms, nicolae_ru_the_path_less_chosen,
          uniq_crazy_yiuf_cottage, uniq_natasha, uniq_terence
D:4:      layout_basic, uniq_edmund

Skill      XL: |  1  2 |
---------------+-------+-----
Fighting       | 3 |  3.0
Shields        | 3 |  3.0
Armour         | |  2.4
Unarmed Combat | |  2.9

Action                   || total
-------------------------++-------
Melee: Unarmed           ||    73
       Bite              ||    18
Armor: Scale mail        ||    23
Dodge: Dodged            ||    21
Block: Kite shield       ||    33

Table legend:
 A = Non-vault XP
 B = Vault XP
 C = Vault XP percentage of total XP
 D = Non-vault monster count
 E = Vault monster count
 F = Vault count percentage of total count
                 A         B        C        D         E       F
            +---------+---------+-------+---------+---------+-------
      Total |      47 |       0 |   0.0 |      24 |       0 |   0.0
            +---------+---------+-------+---------+---------+-------
        D:1 |      31 |       0 |   0.0 |      18 |       0 |   0.0
        D:2 |       9 |       0 |   0.0 |       3 |       0 |   0.0
        D:3 |       7 |       0 |   0.0 |       3 |       0 |   0.0
            +---------+---------+-------+---------+---------+-------
